 Dungeon Crawl Stone Soup version 0.30-a0-149-g7f746667c4 (webtiles) character file.

Game seed: 10929478857387078355

339 themarg the Magician (level 6, -4/40 HPs)
             Began as a Djinni Fire Elementalist on Sept 26, 2022.
             Slain by a sky beast (6 damage)
             ... on level 4 of the Dungeon.
             The game lasted 00:10:48 (4640 turns).

themarg the Magician (Djinni Fire Elementalist)     Turns: 4640, Time: 00:10:50

Health: -4/40      AC:  2    Str:  7    XL:     6   Next: 86%
Gold:   251        EV: 12    Int: 18    God:
                   SH:  0    Dex: 14

rFire   + + .      SeeInvis .    u - +2 dagger (venom)
rCold   x . .      Faith    .    (no shield)
rNeg    . . .      Spirit   .    a - +0 robe
rPois   ∞          Reflect  .    (no helmet)
rElec   .          Harm     .    (no cloak)
rCorr   .          Rampage  .    (no gloves)
Will    .....                    (boots unavailable)
Stlth   ++........               (no amulet)
HPRegen 0.13/turn                (no ring)
MPRegen 0.00/turn                (no ring)

@: flying, very slightly contaminated
A: sickness immunity, fire resistance 2, cold vulnerability 1, float, innate
caster, HP casting, extra vitality 1
a: no special abilities


You were on level 4 of the Dungeon.
You visited 1 branch of the dungeon, and saw 4 of its levels.

You collected 251 gold pieces.

Inventory:

Hand Weapons
 u - a +2 dagger of venom (weapon)
Armour
 a - a +0 robe (worn)
 t - a +0 buckler of reflection
Jewellery
 k - an amulet of faith
Wands
 f - a wand of polymorph (5)
Scrolls
 b - a scroll of teleportation {unknown}
 e - 3 scrolls of identify {unknown}
 i - a scroll of blinking {unknown}
 j - a scroll of summoning {unknown}
Potions
 c - 6 potions of curing {unknown}
 d - a potion of lignification {unknown}
 g - a potion of brilliance {unknown}
 h - a potion of flight {unknown}
 l - a potion of cancellation {unknown}
 m - 3 potions of heal wounds {unknown}
 n - a potion of mutation {unknown}
 o - a potion of attraction {unknown}
 p - a potion of magic {unknown}
 q - a potion of resistance {unknown}
 s - a potion of invisibility {unknown}


   Skills:
 - Level 2.3 Dodging
 - Level 3.0 Stealth
 + Level 5.0 Spellcasting


You couldn't memorise any spells.
You knew the following spells:

 Your Spells              Type           Power      Damage    Failure   Level
a - Foxfire               Conj/Fire      88%        2x1d8     1%          1
b - Scorch                Fire           44%        2d7       2%          2
c - Kindle Blastsparks    Fire/Tloc/Air  44%        2d13      4%          3
d - Inner Flame           Hex/Fire       22%        N/A       4%          3
e - Flame Wave            Conj/Fire      22%        2d8       17%         4
f - Beastly Appendage     Tmut           44%        N/A       1%          1
g - Wereblood             Tmut           22%        N/A       2%          2
Your spell library was empty.

Dungeon Overview and Level Annotations

Branches:
Dungeon (4/15)
 Temple: D:4-7

Altars:

Shops:
D:3 [


Innate Abilities, Weirdness & Mutations

You are immune to sickness and miasma.
You are immune to poison.
Your flesh is very heat resistant. (rF++)
You are vulnerable to cold. (rC-)
You float through the air rather than walking.
You learn spells naturally, not from books.
Your magical power is your life essence.
You have superior vitality. (+4 MHP)


Message History

Casting: Flame Wave (quite dangerous; 17% risk of failure)
Confirm with . or Enter, or press ? or * to list all spells.
Aiming: Inner Flame (dangerous; 4% risk of failure)
Press: ? - help, Dir - move target, f - sky beast
Aim: a sky beast (chance to affect: 78%)
Okay, then.
Casting: Inner Flame (dangerous; 4% risk of failure)
Confirm with . or Enter, or press ? or * to list all spells.
The spell is quite dangerous to miscast (17% risk of failure)!
Continue anyway?
Casting: Flame Wave (quite dangerous; 17% risk of failure)
Press: ? - help, Dir - look around, f - activate You miscast Flame Wave.
You are very lightly contaminated with residual magic.
Nothing appears to happen.
The sky beast flickers out of sight!
Deactivating autopickup; reactivate with Ctrl-A.
Something hits you. Something shocks you.
Casting: Flame Wave (quite dangerous; 17% risk of failure)
Confirm with . or Enter, or press ? or * to list all spells.
You can't see any susceptible monsters within range! (Use Z to cast anyway.)
Casting: Flame Wave (quite dangerous; 17% risk of failure)
Confirm with . or Enter, or press ? or * to list all spells.
Okay, then.
Unknown command.
Casting: Flame Wave (quite dangerous; 17% risk of failure)
Confirm with . or Enter, or press ? or * to list all spells.
The spell is quite dangerous to miscast (17% risk of failure)!
Continue anyway?
Casting: Flame Wave (quite dangerous; 17% risk of failure)
Press: ? - help, Dir - look around, f - activate A wave of flame ripples out!
The flame wave engulfs something! (Press . to intensify the flame waves.)
Something hits you. Something shocks you.
* * * LOW HITPOINT WARNING * * *
A wave of flame ripples out!
The flame wave engulfs something.
* * * LOW HITPOINT WARNING * * *
A sky beast appears from thin air!
Reactivating autopickup.
The sky beast hits you.
* * * LOW HITPOINT WARNING * * *
The sky beast shocks you.
You die...

... ... ....## #.... .... #.#
#....##########.... ..o.####.###
#.......[........ #§........#
##...########.... #.§.......#
###.# ###...†.. #..§......#
###.####...#...) ####....##
#........###....
#.##.########.#.###### #....
#.##....#.Y@..#.# #####
#)#####...#####.##### ######.#
##.............### ##
....##.####..######........#####.
....#.......#############......#.
.......................###..##...
....##.###############.......###.
....##.# #####....##. .......#
##......


You could see a sky beast.

Vanquished Creatures
  Blork the orc (D:4)
  A hound (D:3)
  Jessica (D:3)
  An iguana (D:4)
  3 orc wizards
  3 adders (D:2)
  2 worms (D:2)
  2 dart slugs
  7 orcs
  6 endoplasms
  2 giant cockroaches
  8 goblins
  6 hobgoblins
  6 jackals (D:2)
  4 quokkas
  8 ball pythons
  4 bats
  4 frilled lizards
  2 kobolds
  9 rats
80 creatures vanquished.

Vanquished Creatures (others)
  183 foxfires
183 creatures vanquished.

Grand Total: 263 creatures vanquished

Notes
Turn   | Place    | Note
-------+----------+-------------------------------------------
     0 | D:1      | themarg the Djinni Fire Elementalist began the quest for
                  | the Orb.
     0 | D:1      | themarg set off with the following spells memorised:
                  | Foxfire, Scorch, Kindle Blastsparks, Inner Flame, Flame
                  | Wave.
     0 | D:1      | Reached XP level 1. HP: 15/15 MP: 0/0
   359 | D:1      | Reached XP level 2. HP: 20/21 MP: 0/0
   894 | D:1      | Noticed a great orb of eyes
   896 | D:1      | Found a faded altar of an unknown god.
   899 | D:1      | Noticed a great orb of eyes
   899 | D:1      | Noticed an eye of devastation
   899 | D:1      | Noticed an eye of devastation
  1217 | D:1      | Reached XP level 3. HP: 22/25 MP: 0/0
  1217 | D:1      | Learned a level 1 spell: Beastly Appendage
  1896 | D:2      | Reached skill level 3 in Spellcasting
  1896 | D:2      | Reached XP level 4. HP: 22/31 MP: 0/0
  2962 | D:3      | Reached XP level 5. HP: 8/35 MP: 0/0
  2962 | D:3      | Learned a level 2 spell: Wereblood
  3444 | D:3      | Found Fialemyi's Antique Armour Shoppe.
  3450 | D:3      | Noticed Jessica
  3454 | D:3      | Killed Jessica
  3519 | D:3      | Reached skill level 4 in Spellcasting
  4002 | D:4      | Reached XP level 6. HP: 35/40 MP: 0/0
  4234 | D:4      | Noticed Blork the orc
  4245 | D:4      | Killed Blork the orc
  4452 | D:4      | Reached skill level 5 in Spellcasting
  4462 | D:4      | Noticed a sky beast
  4640 | D:4      | HP: 2/40 [sky beast (4)]
  4640 | D:4      | Slain by a sky beast

Illustrated notes

Levels and vault maps discovered:
D:1:      erik_arrival_orb_chamber, layout_basic,
          hellmonk_ecumenical_altar_watching_god
D:2:      layout_loops_corners
D:3:      layout_rooms, serial_shops, shop_coins, st_stairs_2, uniq_jessica
D:4:      layout_rooms, ashenzari_conservatory_becter,
          gammafunk_temple_overflow_pools, minmay_temple_entry_tees,
          uniq_blork_the_orc

Skill      XL: |  1  2  3  4  5  6 |
---------------+-------------------+-----
Stealth        | 2 3 |  3.0
Spellcasting   | 3 4 5 |  5.0
Dodging        | |  2.3

Action                   |  1- 3 |  4- 6 || total
-------------------------+-------+-------++-------
Melee: Unarmed           |     1 |       ||     1
       Dagger            |     3 |       ||     3
 Cast: Foxfire           |    37 |    76 ||   113
       Scorch            |     9 |    26 ||    35
       Kindle Blastspark |       |     3 ||     3
       Flame Wave        |       |     1 ||     1
Armor: Robe              |     2 |       ||     2
Dodge: Dodged            |     7 |     4 ||    11

Table legend: (Time is in decaauts)
 A = Elapsed time spent in this place.
 B = Non-inter-level travel time spent in this place.
 C = Inter-level travel time spent in this place.
 D = Time resting spent in this place.
 E = Time spent auto-exploring this place.
 F = Levels seen in this place.
 G = Mean time per level.
                   A        B        C        D        E       F      G
               +--------+--------+--------+--------+--------+-----+--------+
         Total |   4640 |   4510 |    130 |   1960 |   2002 |   4 | 1160.0 |
       Dungeon |   4640 |   4510 |    130 |   1960 |   2002 |   4 | 1160.0 |
               +--------+--------+--------+--------+--------+-----+--------+

Top non-repeatable levels by time:
     D:2: 1473 daAuts
     D:1: 1471 daAuts
     D:3: 1178 daAuts
     D:4: 516 daAuts
